 Dungeon Crawl Stone Soup version 0.24-a0-368-g0e0cebd0f3 (webtiles) character file.

Game seed: 1437898033972572496

14456 goulibeur the Fighter (level 11, -26/104 HPs)
             Began as a Minotaur Fighter on May 29, 2019.
             Was an Elder of Trog.
             Hit by a large rock thrown by a cyclops (38 damage)
             ... on level 11 of the Dungeon.
             The game lasted 00:54:18 (9655 turns).

goulibeur the Fighter (Minotaur Fighter)            Turns: 9655, Time: 00:54:20

Health: -26/104    AC: 19    Str: 24    XL:     11   Next: 89%
Magic:  10/10      EV: 12    Int:  5    God:    Trog [****..]
Gold:   639        SH:  0    Dex: 12    Spells: 10/10 levels left

rFire    + . .     SeeInvis .   s - +5 great sword of Extermination {speed, Str+2}
rCold    + . .     Gourm    .   (shield currently unavailable)
rNeg     . . .     Faith    .   L - +2 chain mail {rC+}
rPois    .         Spirit   .   (helmet restricted)
rElec    .         Reflect  .   a - +0 cloak
rCorr    .         Harm     .   w - +0 pair of gloves
MR       .....                  (no boots)
Stlth    ..........             k - amulet of regeneration
HPRegen  0.67/turn              t - +3 ring of protection
MPRegen  0.12/turn              C - ring of protection from fire

@: no status effects
A: retaliatory headbutt, horns 2
a: Berserk, Trog's Hand, Brothers in Arms, Renounce Religion


You were on level 11 of the Dungeon.
You worshipped Trog.
Trog was greatly pleased with you.
You were not hungry.

You visited 1 branch of the dungeon, and saw 11 of its levels.
You also visited: Ice Cave.

You collected 676 gold pieces.
You spent 37 gold pieces at shops.

Inventory:

Hand Weapons
 h - a +2 whip of electrocution
 p - a +2 flail of protection
 s - the +5 great sword of Extermination (weapon) {speed, Str+2}
   (You found it on level 11 of the Dungeon)

   Attacks with this weapon are significantly faster.
   It affects your strength (+2).
Missiles
 b - 2 silver boomerangs
 j - 2 javelins (quivered)
 z - 27 boomerangs
Armour
 a - a +0 cloak (worn)
 c - a +0 shield
 w - a +0 pair of gloves (worn)
 L - a +2 chain mail of cold resistance (worn)
Jewellery
 i - a cursed amulet of inaccuracy {unknown}
 k - an amulet of regeneration (around neck)
 n - an uncursed ring of ice {unknown}
 r - an uncursed amulet of harm {unknown}
 t - a +3 ring of protection (left hand)
 v - an uncursed ring of magical power {unknown}
 A - an uncursed ring of protection from magic {unknown}
 B - an uncursed ring of positive energy {unknown}
 C - a ring of protection from fire (right hand)
 E - an uncursed ring of resist corrosion {unknown}
 I - an uncursed amulet of rage {unknown}
 P - a +4 amulet of reflection {unknown}
 S - an uncursed amulet of guardian spirit {unknown}
 X - an uncursed ring of ice {unknown}
 Y - an uncursed ring of protection from cold {unknown}
Wands
 V - a wand of flame (15)
 W - a wand of iceblast (9)
 Z - a wand of random effects (32)
Scrolls
 e - a scroll of identify
 l - a scroll of blinking
 q - a scroll of teleportation
 u - a scroll of magic mapping
 y - 3 scrolls of random uselessness {unknown}
 H - 3 scrolls of remove curse
 J - 2 scrolls of fog {unknown}
Potions
 d - 2 potions of might
 g - 6 potions of curing
 m - a potion of berserk rage
 o - a potion of magic {unknown}
 F - 3 potions of flight
 G - a potion of agility {unknown}
 M - a potion of ambrosia {unknown}
 N - 6 potions of heal wounds
 O - a potion of invisibility {unknown}
 R - a potion of resistance
 T - a potion of haste {unknown}
 U - 2 potions of brilliance
Miscellaneous
 K - a crystal ball of energy
Comestibles
 f - 16 rations


   Skills:
 * Level 12.1 Fighting
 * Level 1.7 Long Blades
 - Level 11.5 Maces & Flails
 + Level 6.8 Throwing
 + Level 9.0 Armour
 + Level 7.4 Dodging
 + Level 8.9 Shields


You had 10 spell levels left.
You didn't know any spells.
Your spell library contained the following spells:

 Spells                   Type           Power        Failure   Level  Hunger
 Animate Skeleton         Necr           N/A          96%         1    ##.....
 Apportation              Tloc           #.....       96%         1    ##.....
 Confusing Touch          Hex            #.....       96%         1    ##.....
 Pain                     Necr           #...         96%         1    ##.....
 Summon Butterflies       Summ           #.......     96%         1    ##.....
 Summon Small Mammal      Summ           #...         96%         1    ##.....
 Lesser Beckoning         Tloc           #.........   100%        3    ####...
 Regeneration             Chrm/Necr      #.........   100%        3    ####...
 Tukima's Dance           Hex            #.......     100%        3    ####...
 Vampiric Draining        Necr           #.........   100%        3    ####...
 Animate Dead             Necr           N/A          100%        4    #####..
 Alistair's Intoxication  Tmut/Pois      #.......     100%        5    ######.
 Invisibility             Hex            #.......     100%        6    #######


Dungeon Overview and Level Annotations

Branches:
Dungeon (11/15)            Temple (0/1) D:7            Lair (0/6) D:10
    Orc (0/2) D:11

Altars:
Elyvilon
Gozag
Hepliaklqana
Ru
Trog
Uskayaw
Vehumet
Zin
The Shining One

Shops:
D:6 *   D:9 *

Annotations:
D:7 2 transporters
D:11 2 runed translucent doors


Innate Abilities, Weirdness & Mutations

You reflexively headbutt those who attack you in melee.
You have a pair of horns on your head.


Message History

You slash the gargoyle! You headbutt the gargoyle.
You destroy the gargoyle!
Trog accepts your kill.
The cyclops throws a large rock.
The large rock hits you!!!
Things that are here:
a large rock; a +0 flail The cyclops throws a large rock.
The large rock hits you!
* * * LOW HITPOINT WARNING * * *
The electric eel shoots out a bolt of lightning at you!
The bolt of electricity hits you!
* * * LOW HITPOINT WARNING * * *
Things that are here:
a large rock; a +0 flail Throwing (i - inventory. (/) - cycle)
j - 3 javelins (quivered)
Press: ? - help, Shift-Dir - straight line, f - cyclops
Aim: a cyclops You throw a javelin.
The javelin pierces through the cyclops but does no damage.
The cyclops throws a large rock.
The large rock hits you!!!
You die...

#################################
.((.(............................
.(...........###.........##......
....♣♣♣♣♣##..# #.######..##..####
..♣♣♣♣♣♣**#..# #.# #..##..# #
.≈♣≈≈≈♣PP*♣..# #.# #..##..# #
≈≈≈≈≈≈≈≈≈P♣♣.# #.# #..##..# #
..P≈.≈≈≈≈≈≈♣♣♣ #@# #..##..# #
........≈≈≈≈≈♣##(# #..##..# #
.................# #..##..# #
P;.≈...≈.........# #..##..# #
≈≈;≈≈≈P..≈.≈.C...# #......####
≈≈P≈≈≈≈P≈P;P.....# #....#.....
≈≈≈≈≈≈;≈≈≈♣......# #....#.....
≈≈≈≈≈≈C≈≈≈#(.<...######...#'#.###
*≈≈≈≈≈≈≈≈*#...............#.#..##


You could see a cyclops.

Vanquished Creatures
  A centaur warrior (D:11)
  Nergalle (D:10)
  An unseen horror (D:10)
  A deep elf mage (D:10)
  An ugly thing (D:11)
  2 cyclopes (D:11)
  Maurice (D:9)
  2 gargoyles (D:11)
  A komodo dragon (D:11)
  A kobold demonologist (D:11)
  2 ice devils (IceCv)
  A merfolk (D:10)
  2 trolls (D:11)
  Grinder (D:6)
  2 shadows (D:11)
  A wyvern (D:11)
  9 yaks
  A hornet zombie (D:8)
  3 orc warriors
  An eye of draining (D:9)
  3 sky beasts
  A necrophage (D:10)
  10 ice beasts
  4 phantoms
  7 ogres
  4 centaurs
  A wolf (D:6)
  A big kobold (D:6)
  4 bullfrogs
  3 gnoll sergeants (D:7)
  A water moccasin zombie (D:9)
  2 scorpions
  20 killer bees
  4 howler monkeys
  2 electric eels
  6 crimson imps
  2 bullfrog zombies
  A centaur zombie (D:6)
  2 quasits (D:10)
  6 hounds
  7 orc priests
  2 jellies
  6 orc wizards
  3 gnoll shamans (D:7)
  3 iguanas
  4 worker ants
  4 hound skeletons
  31 gnolls
  14 adders
  2 shadow imps
  An adder zombie (D:7)
  2 worms (D:2)
  12 leopard geckos
  43 orcs
  A ball python (D:2)
  5 giant cockroaches
  6 goblins
  4 hobgoblins
  11 jackals
  14 kobolds
  4 quokkas
  5 bats
  8 frilled lizards
  2 jackal skeletons
  2 leopard gecko zombies
  5 rats
320 creatures vanquished.

Vanquished Creatures (others)
  A plant (D:5)
1 creature vanquished.

Grand Total: 321 creatures vanquished

Notes
Turn   | Place    | Note
-------+----------+-------------------------------------------
     0 | D:1      | goulibeur the Minotaur Fighter began the quest for the Orb.
     0 | D:1      | Reached XP level 1. HP: 19/19 MP: 0/0
   790 | D:2      | Reached XP level 2. HP: 27/27 MP: 1/1
   885 | D:2      | Reached skill level 4 in Fighting
  1007 | D:2      | Found a white marble altar of Elyvilon.
  1016 | D:2      | Reached XP level 3. HP: 33/33 MP: 2/2
  1101 | D:2      | Reached skill level 1 in Dodging
  1363 | D:2      | Reached skill level 1 in Throwing
  1391 | D:2      | Found a hide-covered altar of Uskayaw.
  1596 | D:3      | Reached XP level 4. HP: 41/41 MP: 3/3
  2483 | D:4      | Noticed an ogre
  2499 | D:4      | Reached XP level 5. HP: 47/47 MP: 4/4
  2521 | D:4      | Killed an ogre
  2521 | D:4      | Reached skill level 5 in Fighting
  2804 | D:5      | Entered Level 5 of the Dungeon
  2825 | D:5      | Reached XP level 6. HP: 56/56 MP: 5/5
  3032 | D:5      | Reached XP level 7. HP: 54/62 MP: 6/6
  3065 | D:5      | Reached skill level 5 in Maces & Flails
  3100 | D:5      | Reached skill level 6 in Fighting
  3100 | D:5      | Reached skill level 5 in Armour
  3515 | D:6      | Noticed Grinder
  3526 | D:6      | Killed Grinder
  3526 | D:6      | Reached skill level 5 in Shields
  3526 | D:6      | Reached XP level 8. HP: 63/71 MP: 7/7
  3581 | D:6      | Found a glowing silver altar of Zin.
  3645 | D:6      | Found Gozag's Platinum Reserve.
  3668 | D:6      | Reached skill level 7 in Fighting
  3999 | D:6      | Reached skill level 8 in Fighting
  4000 | D:6      | Found an opulent altar of Gozag.
  4071 | D:6      | Found a glowing golden altar of the Shining One.
  4071 | D:6      | Found a bloodstained altar of Trog.
  4272 | D:7      | Reached XP level 9. HP: 78/81 MP: 8/8
  4559 | D:6      | Became a worshipper of Trog the Wrathful
  4711 | D:7      | Reached skill level 9 in Fighting
  4719 | D:7      | Reached skill level 5 in Dodging
  4873 | D:7      | Reached * piety under Trog
  4952 | D:7      | Found a transporter.
  4952 | D:7      | Found a transporter.
  5218 | D:7      | Noticed a centaur warrior
  5221 | D:7      | Found a sacrificial altar of Ru.
  5290 | D:7      | Reached ** piety under Trog
  5620 | D:7      | Found a staircase to the Ecumenical Temple.
  5710 | D:8      | Reached XP level 10. HP: 77/91 MP: 9/9
  5829 | D:8      | Found a hazy altar of Hepliaklqana.
  6089 | D:8      | Reached skill level 5 in Throwing
  6497 | D:9      | Found a radiant altar of Vehumet.
  6687 | D:9      | Found Jiesh's Assorted Antiques.
  6696 | D:9      | Bought a scroll labeled FANUENT GEOPP for 37 gold pieces
  6708 | D:9      | Reached skill level 10 in Fighting
  6877 | D:9      | Noticed Maurice
  6931 | D:9      | Killed Maurice
  6948 | D:10     | Entered Level 10 of the Dungeon
  6988 | D:10     | Reached *** piety under Trog
  7261 | D:10     | Reached skill level 10 in Maces & Flails
  7322 | D:10     | Noticed a deep elf mage
  7335 | D:10     | Killed a deep elf mage
  7491 | D:10     | Found a staircase to the Lair.
  7723 | D:10     | Reached XP level 11. HP: 101/101 MP: 10/10
  7812 | D:10     | Noticed Nergalle
  7840 | D:10     | Killed Nergalle
  7840 | D:10     | Reached skill level 11 in Fighting
  8009 | D:10     | Killed an unseen horror
  8288 | D:11     | Found a frozen archway.
  8324 | D:11     | Received a gift from Trog
  8366 | IceCv    | Entered an ice cave
  8687 | D:11     | Noticed a green ugly thing
  8695 | D:11     | Killed a green ugly thing
  8759 | D:11     | Reached **** piety under Trog
  8775 | D:11     | Got a blackened great sword
  9273 | D:11     | Identified the +5 great sword of Extermination {speed,
                  | Str+2} (You found it on level 11 of the Dungeon)
  9283 | D:11     | Found a runed translucent door.
  9283 | D:11     | Found a runed translucent door.
  9321 | D:11     | Noticed a centaur warrior
  9331 | D:11     | Killed a centaur warrior
  9331 | D:11     | Reached skill level 12 in Fighting
  9331 | D:11     | Reached skill level 1 in Long Blades
  9655 | D:11     | Hit by a large rock thrown by a cyclops

Levels and vault maps discovered:
D:1:      dpeg_arrival_oval, layout_loops_ring
D:2:      layout_loops_ring, lemuel_crystal_altar, elyvilon_altar_5,
          minmay_tetromino_t4
D:3:      layout_basic, first_ration, chequers_serial_rivers_micro_c
D:4:      layout_basic, minmay_misc_feat_tiny
D:5:      layout_loops_ring, kennysheep_pointless_box, minmay_lizard_king
D:6:      layout_cave_pools, gammafunk_temple_overflow_elements, basic_altar,
          nicolae_gozag_zags_fifth_avenue, uniq_grinder
D:7:      layout_cave_pools, gammafunk_temple_overflow_arena,
          minmay_temple_entry_nine_rooms, serial_gnoll_camp,
          gnoll_camp_mini_loothouse, gnoll_camp_mini_doghouse,
          gnoll_camp_huts_moat, gnoll_camp_medium_02, gnoll_camp_mini_hut,
          minmay_misc_feat_square
D:8:      layout_loops_ring, lemuel_crystal_altar
D:9:      layout_rooms, serial_shops, shop, vehumet_altar_wand_db, uniq_maurice
D:10:     layout_irregular_city, lair_entry_dummy, hangedman_fish_farm,
          roderic_lattice_a, uniq_nergalle
D:11:     minmay_the_grid_four_pointed_star
          [minmay_the_grid_triangle_9x9_limited_checkers,
          minmay_the_grid_triangle_9x9_negative_grid,
          minmay_the_grid_triangle_9x9_sprig,
          minmay_the_grid_triangle_9x9_tough_junction,
          minmay_the_grid_prize_four_corners_diamond_b], layout_long_grid,
          hiddenorc2_lemuel, portal_ice_cave_entry_ice_beasts,
          serial_bayou_ford_a

Skill      XL: |  1  2  3  4  5  6  7  8  9 10 11 |
---------------+----------------------------------+-----
Fighting       | 4 5 6 8 9 10 12 | 12.1
Maces & Flails | 3 4 5 7 9 10 11 | 11.5
Dodging        | 1 2 3 4 5 6 7 |  7.4
Throwing       | 1 2 3 4 5 6 |  6.8
Armour         | 4 5 6 7 8 9 |  9.0
Shields        | 4 5 6 7 8 |  8.9
Long Blades    | 1 |  1.7

Action                   |  1- 3 |  4- 6 |  7- 9 | 10-12 || total
-------------------------+-------+-------+-------+-------++-------
Melee: Whip              |    89 |    80 |   395 |   434 ||   998
       Flail             |     8 |       |       |       ||     8
       Headbutt          |    13 |    12 |    69 |   101 ||   195
       Great sword       |       |       |       |    18 ||    18
Throw: Javelin           |       |       |    13 |     7 ||    20
       Boomerang         |       |       |    21 |    10 ||    31
Invok: Berserk           |       |       |       |     4 ||     4
  Use: Scroll            |       |     3 |     6 |    10 ||    19
  Eat: Chunk             |     2 |     5 |     9 |    14 ||    30
       Ration            |       |       |       |     1 ||     1
Armor: Scale mail        |     8 |       |       |       ||     8
       Chain mail        |    37 |    40 |    43 |   142 ||   262
       Plate armour      |       |       |   146 |       ||   146
Dodge: Dodged            |    16 |    10 |   126 |   107 ||   259
Block: Shield            |    40 |    34 |   219 |   153 ||   446
       Rpst.: Great sword |       |       |       |     2 ||     2

Table legend:
 A = Non-vault XP
 B = Vault XP
 C = Vault XP percentage of total XP
 D = Non-vault monster count
 E = Vault monster count
 F = Vault count percentage of total count
                 A         B        C        D         E       F
            +---------+---------+-------+---------+---------+-------
      Total |   13161 |    7491 |  36.3 |     238 |      82 |  25.6
            +---------+---------+-------+---------+---------+-------
        D:1 |      11 |       0 |   0.0 |       9 |       0 |   0.0
        D:2 |      63 |       7 |  10.0 |      20 |       2 |   9.1
        D:3 |      53 |       0 |   0.0 |      19 |       0 |   0.0
        D:4 |     219 |       0 |   0.0 |       8 |       0 |   0.0
        D:5 |     763 |      50 |   6.2 |      17 |       9 |  34.6
        D:6 |    1563 |     397 |  20.3 |      41 |       3 |   6.8
        D:7 |    1299 |     999 |  43.5 |      34 |      46 |  57.5
        D:8 |     550 |       0 |   0.0 |      15 |       0 |   0.0
        D:9 |    1410 |     495 |  26.0 |      17 |       2 |  10.5
       D:10 |    3778 |    1066 |  22.0 |      37 |       2 |   5.1
       D:11 |    3452 |    3779 |  52.3 |      21 |      16 |  43.2
      IceCv |       0 |     698 | 100.0 |       0 |       2 | 100.0
            +---------+---------+-------+---------+---------+-------
